 Dungeon Crawl Stone Soup version 0.30.0-20-g3615ddf2f0 (webtiles) character file.

Game seed: 10088012904651966724

6238 qw the Cleaver (level 10, -23/44 HPs)
             Began as a Gargoyle Fighter on June 1, 2023.
             Was a Priest of Okawaru.
             Annihilated by a white very ugly thing (41 damage)
             ... on level 2 of the Abyss.
             The game lasted 00:04:37 (8228 turns).

qw the Cleaver (Gargoyle Fighter)                   Turns: 8228, Time: 00:04:37

Health: -23/44     AC: 39    Str: 24    XL:     10   Next: 93%
Magic:  11/13      EV: 14    Int:  9    God:    Okawaru [***...]
Gold:   594        SH:  6    Dex:  9    Spells: 9/9 levels left

rFire   . . .        Y - +0 war axe
rCold   . . .        c - +0 buckler
rNeg    + . .        k - +9 plate armour "Qesuy" {*Corrode Fly rElec Regen+}
rPois   inf          b - +2 helmet
rElec   +            w - +0 cloak
rCorr   .            g - +1 pair of gloves
SInv    +            (no boots)
Will    .....        x - amulet of faith Stlth
                     v - +5 ring of evasion
HPRegen 1.07/turn    i - ring of see invisible
MPRegen 0.13/turn

%: random rage (9%), corrode self (3%), faith
@: heroic, flying, unable to drink
A: sickness immunity, AC +7, negative energy resistance 1, electricity
resistance, torment resistance 1, petrification resistance, inability to drink
after injury 1, MP-powered wands, [berserk 2], [frail 3]
a: Renounce Religion, Heroism


You were on level 2 of the Abyss.
You worshipped Okawaru.
Okawaru was most pleased with you.
You visited 1 branch of the dungeon, and saw 9 of its levels.
You visited the Abyss 1 time.
You also visited: Ossuary.

You collected 594 gold pieces.


Innate Abilities, Weirdness & Mutations

You are immune to sickness and miasma.
Your stone body is resilient. (AC +7)
You are immune to poison.
You resist negative energy. (rN+)
You are resistant to electric shocks. (rElec)
You are resistant to unholy torment.
You are immune to petrification.
You occasionally lose the ability to drink potions when taking damage.
You expend magic power (3 MP) to strengthen your wands.
[You have an uncontrollable temper.]
[You are extremely frail. (-30% HP)]


   Skills:
 - Level 8.1(13.1) Fighting
 - Level 11.0(16.0) Axes
 - Level 3.1(8.1) Throwing
 + Level 7.0(12.0) Armour
 - Level 1.1(6.1) Dodging
 - Level 5.0(10.0) Shields
 - Level 4.2 Invocations


You had 9 spell levels left.
You didn't know any spells.
Your spell library was empty.

Inventory:

Hand Weapons
 y - a -2 demon whip of venom
 Y - a +0 war axe (weapon)
Missiles
 f - 5 boomerangs
 s - 2 javelins (quivered)
Armour
 b - a +2 helmet (worn)
 c - a +0 buckler (worn)
 g - a +1 pair of gloves (worn)
 k - the +9 plate armour "Qesuy" (worn) {*Corrode Fly rElec Regen+}
   (You acquired it on level 2 of the Dungeon)

   rElec:     It insulates you from electricity.
   Fly:       It grants you flight.
   Regen:     It increases your rate of health regeneration.
   *Corrode:  It may corrode you when you take damage.
 w - a +0 cloak (worn)
Jewellery
 a - a ring of fire
 h - an amulet of regeneration
 i - a ring of see invisible (right hand)
 m - a +6 ring of dexterity
 t - the ring "Nitelup" {Str+6 Int+3 Dex+6}
   (You took it off an orc warrior on level 9 of the Dungeon)

   [ring of strength]

   Str:       It affects your strength (+6).
   Int:       It affects your intelligence (+3).
   Dex:       It affects your dexterity (+6).
 v - a +5 ring of evasion (left hand)
 x - an amulet of faith (around neck)
 B - the amulet of Amuoss {Reflect Fragile rF++ rCorr Dex-5 SH+5}
   (You found it on level 9 of the Dungeon)

   [amulet of reflection]

   It reflects blocked missile attacks.
   Dex:       It affects your dexterity (-5).
   rF:        It greatly protects you from fire.
   rCorr:     It protects you from acid and corrosion.
   Fragile:   It will be destroyed if unequipped.
   SH:        It affects your SH (+5).
Wands
 u - a wand of digging (1)
Scrolls
 j - 3 scrolls of identify
 z - a scroll of enchant weapon {unknown}
 A - a scroll of silence {unknown}
Potions
 d - 4 potions of might
 e - a potion of resistance
 l - 4 potions of curing
 n - 2 potions of cancellation
 o - a potion of lignification
 p - 3 potions of heal wounds
 q - a potion of attraction
 r - a potion of berserk rage {unknown}

Dungeon Overview and Level Annotations

Branches:
Dungeon (9/15)             Temple (0/1) D:4         Ossuary (visited)
   Lair: D:8-11         Orc: D:9-12

Altars:
Kikubaaqudgha
Makhleb
Nemelex Xobeh
Okawaru
Ru
Uskayaw
Vehumet
Zin

Shops:
D:1 [


Message History

The fireball explodes!
The fireball engulfs you but does no damage.
You hear a horrible gurgling sound! x2; You hear an angry hiss.
You hear a shout!
A white ugly thing comes into view.
The white ugly thing gurgles horribly!
The efreet gestures at you. The bolt of fire misses you.
A basilisk comes into view.
A white very ugly thing comes into view.
8223 ||| INVOKING Heroism.
You gain the combat prowess of a mighty hero.
You can no longer speed up your combat.
The efreet misses you.
The wretched star glows turbulently.
The lance of force hits you!
You are knocked back by the lance of force.
You slam into the rock wall!
You slash the efreet!
The efreet is moderately wounded.
The efreet hits you but does no damage.
You hit the efreet but do no damage.
The efreet is moderately wounded.
The efreet hits you but does no damage.
You hit the efreet.
The efreet is moderately wounded.
You barely miss the white very ugly thing.
The white very ugly thing stings you but does no damage.
You block the efreet's attack.
You slash the efreet!
The efreet is heavily wounded.
You barely miss the white very ugly thing.
You hit the efreet but do no damage.
The efreet is heavily wounded.
You hit the wretched star but do no damage.
You hit the white very ugly thing. The white very ugly thing stings you.
The white very ugly thing freezes you!!!
You feel threatened and lose the ability to drink potions!
Ouch! That really hurt!
You die...

### ยค . ##.... #..
. ##..#.#. ..#
##...#....###..##
.#....#..##. .. #
...
##..##..#.##.#.#....
....#u##..##.#.#
##uR###.....## #
.#@*..#.#.#.##
#..#.#.#.###.##.# #
#..##..#### # .#
#.#l####.# ## #
#..## #.# .#. # .#.
.##.###. .# #
....##.#. . . ..
###..


You could see a white very ugly thing, a wretched star, a white ugly thing, an
efreet and a basilisk.

Vanquished Creatures
  Amaemon (D:8)
  2 smoke demons (Abyss:2)
  An orange demon (D:8)
  Psyche (D:8)
  A raiju (Abyss:2)
  Sigmund (D:6)
  A shadow (D:6)
  2 steam dragons (D:8)
  An acid dragon (D:9)
  Duvessa (D:4)
  4 water moccasins
  An ice beast (D:6)
  2 sky beasts
  3 orc warriors
  3 black bears
  3 centaurs
  2 ogres (D:5)
  A phantom (D:5)
  A bullfrog (D:9)
  4 scorpions
  4 wights (D:7)
  Dowan (D:4)
  A killer bee (D:9)
  4 howler monkeys
  2 centaur zombies (Ossuary)
  2 hounds
  2 gnoll boudas
  3 orc priests
  2 jellies (D:5)
  8 iguanas
  7 orc wizards
  5 mummies (Ossuary)
  4 adders
  13 gnolls
  3 shadow imps
  3 white imps (D:7)
  An ufetubus (Abyss:2)
  2 worms
  A dart slug (D:1)
  27 orcs
  8 bats
  9 endoplasms
  5 giant cockroaches
  10 hobgoblins
  5 quokkas
  8 ball pythons
  4 frilled lizards
  8 goblins
  6 hobgoblin zombies (Ossuary)
  10 kobolds
  10 rats
214 creatures vanquished.

Vanquished Creatures (others)
  2 orcs (D:8)
2 creatures vanquished.

Grand Total: 216 creatures vanquished

Notes
Turn   | Place    | Note
-------+----------+-------------------------------------------
     0 | D:1      | qw the Gargoyle Fighter began the quest for the Orb.
     0 | D:1      | Reached XP level 1. HP: 14/14 MP: 1/1
     0 | D:1      | 0 ||| qw: Version: 0.2-a-102-gdf20003
     0 | D:1      | 0 ||| qw: Game counter: 736
     0 | D:1      | 0 ||| qw: Always use a shield: true
     0 | D:1      | 0 ||| qw: God list: Okawaru
     0 | D:1      | 0 ||| qw: Allow faded altars: false
     0 | D:1      | 0 ||| qw: Do Orc after D:15 true
     0 | D:1      | 0 ||| qw: Do second Lair branch before Depths: true
     0 | D:1      | 0 ||| qw: Lair rune preference: random
     0 | D:1      | 0 ||| qw: Plans: Normal, Zot:1-4, Slime:5, God:TSO, Crypt,
                  | Tomb, Pan, Hells, Abyss, Win
     0 | D:1      | 0 ||| PLANNING D:1-11
    62 | D:1      | Reached skill level 2 in Axes
    62 | D:1      | Found Wesh's Antique Armour Shoppe.
    75 | D:1      | 75 ||| SHOPLISTING embroidered cloak (195 gold, have 0).
    75 | D:1      | 75 ||| SHOPLISTING runed scale mail (182 gold, have 0).
    75 | D:1      | 75 ||| SHOPLISTING shiny ice dragon scales (1638 gold, have
                  | 0).
    75 | D:1      | 75 ||| SHOPLISTING shiny scale mail (182 gold, have 0).
   129 | D:1      | 129 ||| Stepping ~*~*~tactically~*~*~ (hiding).
   136 | D:1      | Reached XP level 2. HP: 19/19 MP: 2/2
   365 | D:1      | 365 ||| DROPPING +0 club.
   670 | D:1      | 670 ||| Stepping ~*~*~tactically~*~*~ (stealth).
   671 | D:1      | 671 ||| Stepping ~*~*~tactically~*~*~ (stealth).
   697 | D:1      | Reached skill level 3 in Axes
   771 | D:1      | Reached XP level 3. HP: 23/23 MP: 3/3
   774 | D:1      | 774 ||| UPGRADING to +3 ring mail.
   784 | D:1      | 784 ||| DROPPING +0 scale mail.
   785 | D:1      | 785 ||| UPGRADING to +0 pair of gloves.
   790 | D:1      | 790 ||| DROPPING orb of mayhem.
   791 | D:1      | 791 ||| READING scroll labelled GEHEEQAMNY.
   792 | D:1      | 792 ||| READING 2 scrolls labelled GAECIPRABBU.
   793 | D:1      | 793 ||| READING scroll labelled ZYT WYSUNOLIMA.
   900 | D:2      | 900 ||| Stepping ~*~*~tactically~*~*~ (hiding).
   901 | D:2      | 901 ||| Stepping ~*~*~tactically~*~*~ (hiding).
   917 | D:2      | HP: 5/23 [gnoll/+0 spear (3)]
   922 | D:2      | Reached XP level 4. HP: 8/28 MP: 4/4
   971 | D:2      | Reached skill level 4 in Axes
  1232 | D:2      | Found a faded altar of an unknown god.
  1386 | D:2      | 1386 ||| Stepping ~*~*~tactically~*~*~ (hiding).
  1783 | D:2      | 1783 ||| Stepping ~*~*~tactically~*~*~ (hiding).
  1801 | D:2      | 1801 ||| Stepping ~*~*~tactically~*~*~ (stealth).
  1882 | D:2      | Found a radiant altar of Vehumet.
  2205 | D:2      | 2205 ||| READING 3 scrolls labelled ZIT IDWYEWUWOQ.
  2205 | D:2      | Identified 3 scrolls of acquirement
  2205 | D:2      | 2205 ||| ACQUIRING amulet of regeneration
  2205 | D:2      | Acquired an amulet of regeneration
  2207 | D:2      | 2207 ||| UPGRADING to amulet of regeneration.
  2212 | D:2      | 2212 ||| READING 2 scrolls of acquirement.
  2212 | D:2      | 2212 ||| ACQUIRING +9 plate armour "Qesuy" {*Corrode Fly
                  | rElec Regen+}
  2212 | D:2      | Acquired the +9 plate armour "Qesuy" {*Corrode Fly rElec
                  | Regen+}
  2214 | D:2      | 2214 ||| UPGRADING to +9 plate armour "Qesuy" {*Corrode Fly
                  | rElec Regen+}.
  2224 | D:2      | 2224 ||| DROPPING +3 ring mail.
  2225 | D:2      | 2225 ||| READING scroll of acquirement.
  2225 | D:2      | 2225 ||| ACQUIRING ring of fire
  2225 | D:2      | Acquired a ring of fire
  2227 | D:2      | 2227 ||| READING scroll labelled YCIURO QOCZA.
  2228 | D:2      | 2228 ||| DRINKING 2 ruby potions.
  2229 | D:2      | 2229 ||| READING 2 scrolls of identify.
  2229 | D:2      | 2229 ||| IDENTIFYING black potion
  2357 | D:3      | 2357 ||| Stepping ~*~*~tactically~*~*~ (stealth).
  2373 | D:3      | Reached XP level 5. HP: 32/32 MP: 5/5
  2509 | D:3      | Reached skill level 5 in Axes
  2571 | D:3      | Found a glowing silver altar of Zin.
  2599 | D:3      | 2599 ||| Stepping ~*~*~tactically~*~*~ (stealth).
  2623 | D:3      | 2623 ||| Stepping ~*~*~tactically~*~*~ (hiding).
  3146 | D:3      | 3146 ||| UPGRADING to +2 helmet.
  3151 | D:3      | 3151 ||| UPGRADING to ring of see invisible.
  3152 | D:3      | 3152 ||| DRINKING 2 fuming cyan potions.
  3152 | D:3      | Gained mutation: Potions are less effective at restoring
                  | your health. [potion of mutation]
  3152 | D:3      | Gained mutation: Your body sometimes deteriorates upon
                  | taking damage. [potion of mutation]
  3152 | D:3      | Gained mutation: You expend magic power (3 MP) to
                  | strengthen your wands. [potion of mutation]
  3152 | D:3      | Gained mutation: You have a somewhat thin skeletal
                  | structure. (Dex +2, Stealth+) [potion of mutation]
  3153 | D:3      | 3153 ||| DRINKING potion of mutation.
  3153 | D:3      | Lost mutation: Potions are less effective at restoring your
                  | health. [potion of mutation]
  3153 | D:3      | Lost mutation: You have a somewhat thin skeletal structure.
                  | (Dex +2, Stealth+) [potion of mutation]
  3153 | D:3      | Lost mutation: Your body sometimes deteriorates upon taking
                  | damage. [potion of mutation]
  3153 | D:3      | Gained mutation: Armour fits poorly on your strangely
                  | shaped body. [potion of mutation]
  3153 | D:3      | Gained mutation: You occasionally lose the ability to drink
                  | potions when taking damage. [potion of mutation]
  3153 | D:3      | Lost mutation: Armour fits poorly on your strangely shaped
                  | body. [potion of mutation]
  3212 | D:4      | 3212 ||| Stepping ~*~*~tactically~*~*~ (stealth).
  3216 | D:4      | Reached XP level 6. HP: 38/38 MP: 6/6
  3221 | D:4      | 3221 ||| Stepping ~*~*~tactically~*~*~ (stealth).
  3223 | D:4      | 3223 ||| Stepping ~*~*~tactically~*~*~ (stealth).
  3260 | D:4      | Noticed Duvessa
  3260 | D:4      | Noticed Dowan
  3261 | D:4      | 3261 ||| Stepping ~*~*~tactically~*~*~ (stealth).
  3280 | D:4      | Killed Duvessa
  3282 | D:4      | Killed Dowan
  3283 | D:4      | Reached skill level 6 in Axes
  3311 | D:4      | Found a radiant altar of Vehumet.
  3311 | D:4      | Found a hide-covered altar of Uskayaw.
  3319 | D:4      | Found a faded altar of an unknown god.
  3321 | D:4      | Found an ancient bone altar of Kikubaaqudgha.
  3323 | D:4      | Found an iron altar of Okawaru.
  3324 | D:4      | 3324 ||| PLANNING OKAWARU WORSHIP
  3324 | D:4      | 3324 ||| DROPPING +2 hat.
  3325 | D:4      | 3325 ||| READING 2 scrolls labelled FAPNOSUSOI.
  3336 | D:4      | 3336 ||| READING 2 scrolls of identify.
  3336 | D:4      | 3336 ||| IDENTIFYING murky coppery potion
  3337 | D:4      | 3337 ||| PLANNING D:1-11
  3375 | D:4      | 3375 ||| PLANNING OKAWARU WORSHIP
  3375 | D:4      | 3375 ||| UPGRADING to +6 ring of dexterity.
  3376 | D:4      | 3376 ||| READING scroll labelled ITOAGA FUFF.
  3379 | D:4      | Became a worshipper of Warmaster Okawaru
  3379 | D:4      | 3379 ||| PLANNING D:1-11
  3405 | D:4      | 3405 ||| Stepping ~*~*~tactically~*~*~ (stealth).
  3418 | D:4      | Reached skill level 1 in Dodging
  3418 | D:4      | Reached XP level 7. HP: 43/43 MP: 7/7
  3461 | D:4      | Reached skill level 1 in Throwing
  3606 | D:4      | Found a sacrificial altar of Ru.
  3658 | D:4      | Found a staircase to the Ecumenical Temple.
  3671 | D:4      | 3671 ||| UPGRADING to +0 cloak.
  3700 | D:5      | Entered Level 5 of the Dungeon
  3984 | D:5      | 3984 ||| Stepping ~*~*~tactically~*~*~ (stealth).
  3986 | D:5      | 3986 ||| Stepping ~*~*~tactically~*~*~ (stealth).
  3988 | D:5      | 3988 ||| Stepping ~*~*~tactically~*~*~ (stealth).
  3990 | D:5      | 3990 ||| Stepping ~*~*~tactically~*~*~ (stealth).
  3992 | D:5      | 3992 ||| Stepping ~*~*~tactically~*~*~ (stealth).
  3994 | D:5      | 3994 ||| Stepping ~*~*~tactically~*~*~ (stealth).
  4007 | D:5      | Reached * piety under Okawaru
  4008 | D:5      | Reached skill level 7 in Axes
  4008 | D:5      | Reached XP level 8. HP: 48/48 MP: 8/8
  4015 | D:5      | Found a sparkling altar of Nemelex Xobeh.
  4055 | D:5      | 4055 ||| Stepping ~*~*~tactically~*~*~ (stealth).
  4062 | D:5      | Reached skill level 1 in Invocations
  4065 | D:5      | 4065 ||| Stepping ~*~*~tactically~*~*~ (stealth).
  4136 | D:5      | 4136 ||| INVOKING Heroism.
  4232 | D:5      | 4232 ||| Stepping ~*~*~tactically~*~*~ (hiding).
  4290 | D:5      | 4290 ||| INVOKING Heroism.
  4334 | D:5      | 4334 ||| INVOKING Heroism.
  4340 | D:5      | Reached skill level 3 in Invocations
  4434 | D:5      | 4434 ||| DROPPING ring of wizardry.
  4435 | D:5      | 4435 ||| READING scroll labelled MITUYDWADOITE.
  4436 | D:5      | 4436 ||| READING 4 scrolls of identify.
  4436 | D:5      | 4436 ||| IDENTIFYING sapphire potion
  4437 | D:5      | 4437 ||| READING 3 scrolls of identify.
  4437 | D:5      | 4437 ||| IDENTIFYING smoky silvery potion
  4438 | D:5      | 4438 ||| READING 2 scrolls of identify.
  4438 | D:5      | 4438 ||| IDENTIFYING metallic amethyst potion
  4439 | D:5      | 4439 ||| DROPPING potion of degeneration.
  4440 | D:5      | 4440 ||| DROPPING potion of ambrosia.
  4504 | D:6      | Noticed a shadow
  4510 | D:6      | Killed a shadow
  4706 | D:6      | 4706 ||| INVOKING Heroism.
  4717 | D:6      | Reached skill level 8 in Axes
  4717 | D:6      | Reached XP level 9. HP: 54/54 MP: 10/12
  4722 | D:6      | Reached ** piety under Okawaru
  4799 | D:6      | Reached skill level 6 in Fighting
  4812 | D:6      | Found a burning altar of Makhleb.
  5040 | D:6      | Noticed Sigmund
  5041 | D:6      | 5041 ||| INVOKING Heroism.
  5049 | D:6      | Killed Sigmund
  5743 | D:6      | 5743 ||| READING scroll labelled NIL BADWOPP.
  5744 | D:6      | 5744 ||| READING scroll labelled ELUGYEHOYW.
  5745 | D:6      | 5745 ||| DRINKING 2 grey potions.
  5775 | D:7      | 5775 ||| PLANNING OSSUARY
  5823 | D:7      | Found a sand-covered staircase.
  5832 | Ossuary  | Entered an ossuary
  5835 | Ossuary  | 5835 ||| FLEEEEING.
  5836 | Ossuary  | 5836 ||| FLEEEEING.
  5853 | Ossuary  | Reached skill level 9 in Axes
  6012 | Ossuary  | 6012 ||| READING 2 scrolls labelled XOEGAY XOSY.
  6013 | Ossuary  | 6013 ||| DRINKING 2 coppery potions.
  6014 | Ossuary  | 6014 ||| DROPPING scroll of butterflies.
  6015 | Ossuary  | 6015 ||| DROPPING potion of brilliance.
  6023 | D:7      | 6023 ||| PLANNING D:1-11
  6097 | D:7      | You are sucked into a shaft and drop 1 floor!
  6104 | D:8      | 6104 ||| READING 3 scrolls of identify.
  6104 | D:8      | 6104 ||| IDENTIFYING orange potion
  6105 | D:8      | 6105 ||| DROPPING potion of flight.
  6141 | D:7      | 6141 ||| INVOKING Heroism.
  6161 | D:7      | 6161 ||| INVOKING Heroism.
  6169 | D:7      | Reached skill level 6 in Armour
  6255 | D:7      | 6255 ||| READING scroll of enchant armour.
  6255 | D:7      | 6255 ||| ENCHANTING +0 pair of gloves.
  6282 | D:7      | 6282 ||| INVOKING Heroism.
  6641 | D:7      | 6641 ||| UPGRADING to +5 ring of evasion.
  6643 | D:7      | 6643 ||| UPGRADING to ring of see invisible.
  6684 | D:8      | 6684 ||| Stepping ~*~*~tactically~*~*~ (hiding).
  6685 | D:8      | 6685 ||| Stepping ~*~*~tactically~*~*~ (hiding).
  6686 | D:8      | 6686 ||| Stepping ~*~*~tactically~*~*~ (hiding).
  6691 | D:8      | 6691 ||| DRINKING 5 potions of curing.
  6691 | D:8      | 6691 ||| (to cure confusion)
  6723 | D:8      | Noticed an orange demon
  6723 | D:8      | Noticed Amaemon
  6724 | D:8      | 6724 ||| Stepping ~*~*~tactically~*~*~ (hiding).
  6725 | D:8      | 6725 ||| Stepping ~*~*~tactically~*~*~ (hiding).
  6731 | D:8      | 6731 ||| INVOKING Heroism.
  6761 | D:8      | 6761 ||| INVOKING Heroism.
  6764 | D:8      | Killed Amaemon
  6765 | D:8      | Reached XP level 10. HP: 64/64 MP: 10/13
  6772 | D:8      | Killed an orange demon
  6772 | D:8      | Reached *** piety under Okawaru
  6787 | D:8      | 6787 ||| DROPPING +0 morningstar.
  6791 | D:8      | Found a flagged portal.
  6907 | D:8      | 6907 ||| INVOKING Heroism.
  6908 | D:8      | Noticed Psyche
  6923 | D:8      | Killed Psyche
  6937 | D:8      | 6937 ||| Stepping ~*~*~tactically~*~*~ (stealth).
  6952 | D:8      | 6952 ||| INVOKING Heroism.
  7042 | D:8      | 7042 ||| Stepping ~*~*~tactically~*~*~ (hiding).
  7048 | D:8      | 7048 ||| INVOKING Heroism.
  7058 | D:8      | Reached skill level 10 in Axes
  7058 | D:8      | 7058 ||| Stepping ~*~*~tactically~*~*~ (cloud).
  7120 | D:8      | 7120 ||| Stepping ~*~*~tactically~*~*~ (hiding).
  7303 | D:8      | 7303 ||| Stepping ~*~*~tactically~*~*~ (hiding).
  7306 | D:8      | 7306 ||| INVOKING Heroism.
  7381 | D:8      | 7381 ||| Stepping ~*~*~tactically~*~*~ (hiding).
  7538 | D:8      | 7538 ||| UPGRADING to amulet of faith.
  7548 | D:8      | 7548 ||| READING scroll labelled FEBIVE TASI.
  7623 | D:9      | 7623 ||| READING 2 scrolls of teleportation.
  7624 | D:9      | 7624 ||| INVOKING Heroism.
  7626 | D:9      | Noticed a kobold demonologist
  7627 | D:9      | 7627 ||| READING scroll of teleportation.
  7666 | D:9      | Identified the ring "Nitelup" {Str+6 Int+3 Dex+6}
  7666 | D:9      | 7666 ||| Stepping ~*~*~tactically~*~*~ (stealth).
  7667 | D:9      | 7667 ||| INVOKING Heroism.
  7691 | D:9      | 7691 ||| Stepping ~*~*~tactically~*~*~ (hiding).
  7700 | D:9      | 7700 ||| INVOKING Heroism.
  7703 | D:9      | Reached skill level 3 in Throwing
  7771 | D:9      | 7771 ||| Stepping ~*~*~tactically~*~*~ (hiding).
  7773 | D:9      | 7773 ||| Stepping ~*~*~tactically~*~*~ (hiding).
  7775 | D:9      | 7775 ||| INVOKING Heroism.
  7796 | D:9      | 7796 ||| Stepping ~*~*~tactically~*~*~ (stealth).
  7798 | D:9      | 7798 ||| Stepping ~*~*~tactically~*~*~ (hiding).
  7800 | D:9      | 7800 ||| Stepping ~*~*~tactically~*~*~ (hiding).
  7801 | D:9      | 7801 ||| Stepping ~*~*~tactically~*~*~ (hiding).
  7802 | D:9      | 7802 ||| Stepping ~*~*~tactically~*~*~ (hiding).
  7805 | D:9      | 7805 ||| Stepping ~*~*~tactically~*~*~ (hiding).
  7890 | D:9      | Identified the +8 chain mail of Memne {Rampage}
  7893 | D:9      | 7893 ||| DRINKING 5 potions of curing.
  7893 | D:9      | 7893 ||| (to cure confusion)
  7898 | D:9      | 7898 ||| Stepping ~*~*~tactically~*~*~ (stealth).
  7910 | D:9      | 7910 ||| Stepping ~*~*~tactically~*~*~ (stealth).
  7936 | D:9      | Identified the amulet of Amuoss {Reflect Fragile rF++ rCorr
                  | Dex-5 SH+5}
  7945 | D:9      | 7945 ||| Stepping ~*~*~tactically~*~*~ (stealth).
  7952 | D:9      | Noticed a wizard
  7976 | Abyss:2  | Cast into level 2 of the Abyss (a wizard)
  8053 | Abyss:2  | 8053 ||| Stepping ~*~*~tactically~*~*~ (hiding).
  8058 | Abyss:2  | Noticed a smoke demon
  8067 | Abyss:2  | Killed a smoke demon
  8082 | Abyss:2  | Noticed a smoke demon
  8083 | Abyss:2  | 8083 ||| Stepping ~*~*~tactically~*~*~ (stealth).
  8084 | Abyss:2  | 8084 ||| Stepping ~*~*~tactically~*~*~ (stealth).
  8092 | Abyss:2  | 8092 ||| INVOKING Heroism.
  8095 | Abyss:2  | Killed a smoke demon
  8095 | Abyss:2  | Reached **** piety under Okawaru
  8096 | Abyss:2  | Reached skill level 11 in Axes
  8179 | Abyss:2  | 8179 ||| Stepping ~*~*~tactically~*~*~ (stealth).
  8206 | Abyss:2  | Noticed a wretched star
  8207 | Abyss:2  | 8207 ||| Stepping ~*~*~tactically~*~*~ (hiding).
  8208 | Abyss:2  | 8208 ||| Stepping ~*~*~tactically~*~*~ (hiding).
  8213 | Abyss:2  | 8213 ||| Stepping ~*~*~tactically~*~*~ (hiding).
  8220 | Abyss:2  | 8220 ||| Stepping ~*~*~tactically~*~*~ (hiding).
  8222 | Abyss:2  | Noticed a white ugly thing
  8222 | Abyss:2  | Noticed a white very ugly thing
  8223 | Abyss:2  | 8223 ||| INVOKING Heroism.
  8228 | Abyss:2  | Annihilated by a white very ugly thing

Levels and vault maps discovered:
D:1:      minmay_arrival_loop, layout_basic, serial_shops, shop_statue
D:2:      layout_basic, basic_altar, shapermc_ecumenical_altar_notcrosses,
          lexackson_kobold_supper
D:3:      layout_loops_ring, zin_treasury
D:4:      layout_basic, lemuel_coloured_pillars_altar,
          chequers_temple_overflow_minitemple, minmay_temple_entry_offerings,
          uniq_duvessa
D:5:      layout_basic, nemelex_spade_bored_becter
D:6:      layout_layer_cave, nicolae_overflow_crystal_walls, uniq_sigmund
D:7:      layout_gridville, chequers_ossuary_entry_cave
D:8:      layout_basic, enter_bailey_3, uniq_psyche, uniq_amaemon
D:9:      hangedman_cross_stitches, layout_irregular_city,
          kennysheep_slug_shrine, serial_column_ruins, column_ruins_hut_ruined,
          column_ruins_corridor_water, column_ruins_open_small,
          column_ruins_grid_1
Abyss:2:  base: D:8, minivault_27, hangedman_eye_storm

Skill      XL: |  1  2  3  4  5  6  7  8  9 10 |
---------------+-------------------------------+-----
Axes           | 2 3 4 5 6 7 8 9 11 | 11.0
Fighting       | 4 5 7 8 |  8.1
Dodging        | 1 |  1.1
Throwing       | 1 2 3 |  3.1
Armour         | 4 5 6 7 |  7.0
Invocations    | 4 |  4.2
Shields        | 4 5 |  5.0

Action                     |  1- 3 |  4- 6 |  7- 9 | 10-12 || total
---------------------------+-------+-------+-------+-------++-------
  Melee: War axe           |   112 |   169 |   278 |   213 ||   772
  Throw: Boomerang         |       |    23 |    50 |     1 ||    74
         Javelin           |       |       |     3 |    24 ||    27
 Invoke: Heroism           |       |       |    10 |    10 ||    20
    Use: Scroll            |     3 |     8 |     9 |     3 ||    23
         Potion            |       |     3 |     3 |     1 ||     7
 Armour: Scale mail        |    40 |       |       |       ||    40
         Ring mail         |    13 |    31 |       |       ||    44
         Plate armour      |       |   150 |   216 |   137 ||   503
  Dodge: Dodged            |    47 |    67 |   118 |   110 ||   342
  Block: Buckler           |    27 |    27 |    91 |    28 ||   173

Table legend:
 A = Non-vault XP
 B = Vault XP
 C = Vault XP percentage of total XP
 D = Non-vault monster count
 E = Vault monster count
 F = Vault count percentage of total count
                 A         B        C        D         E       F
            +---------+---------+-------+---------+---------+-------
      Total |    6086 |    2826 |  31.7 |     177 |      37 |  17.3
            +---------+---------+-------+---------+---------+-------
        D:1 |      35 |       0 |   0.0 |      20 |       0 |   0.0
        D:2 |     105 |      12 |  10.3 |      26 |       8 |  23.5
        D:3 |     160 |       0 |   0.0 |      23 |       0 |   0.0
        D:4 |     299 |     208 |  41.0 |      20 |       2 |   9.1
        D:5 |     929 |       0 |   0.0 |      19 |       0 |   0.0
        D:6 |    1121 |     223 |  16.6 |      13 |       1 |   7.1
        D:7 |     638 |       0 |   0.0 |      18 |       0 |   0.0
        D:8 |    1188 |    1566 |  56.9 |      27 |       7 |  20.6
        D:9 |     472 |     635 |  57.4 |       7 |       6 |  46.2
    Abyss:2 |    1139 |       0 |   0.0 |       4 |       0 |   0.0
    Ossuary |       0 |     182 | 100.0 |       0 |      13 | 100.0
            +---------+---------+-------+---------+---------+-------
